 Dungeon Crawl Stone Soup version 0.18.1-50-g88ac8fd (webtiles) character file.

909 Lovchig the Skirmisher (level 8, -1/68 HPs)
             Began as a Ghoul Gladiator on Sept 16, 2016.
             Slain by an adder (3 damage)
             ... on level 5 of the Dungeon.
             The game lasted 00:12:41 (3723 turns).

Lovchig the Skirmisher (Ghoul Gladiator)            Turns: 3723, Time: 00:12:42

Health: -1/68      AC: 12    Str: 21    XL:     8   Next: 8%
Magic:  7/7        EV:  8    Int:  3    God:
Gold:   209        SH:  0    Dex: 13    Spells: 0 memorised, 7 levels left

rFire  x . .     SeeInvis .     t - +0 war axe (chop)
rCold  + + .     Gourm    +     e - +0 plate armour
rNeg   + + +     Faith    .     (no shield)
rPois  ∞         Spirit   .     d - -3 helmet of the Sailor {Dex+4}
rElec  .         Dismiss  .     (no cloak)
rCorr  .         Reflect  .     (no gloves)
SustAt .         Harm     .     q - +1 pair of boots
MR     .....                    g - amulet of the gourmand
Stlth  ..........               (no ring)
                                m - ring of ice

@: rotting, not resistant to hostile enchantments, extremely unstealthy
A: rotting body, claws 1, carnivore 3, cold resistance 1, negative energy
resistance 3, slow regeneration 1, torment resistance, unbreathing
a: no special abilities


You were on level 5 of the Dungeon.
You were not hungry.

You visited 1 branch of the dungeon, and saw 5 of its levels.

You collected 303 gold pieces.
You spent 94 gold pieces at shops.

Inventory:

Hand Weapons
 t - a +0 war axe of chopping (weapon)
Armour
 d - the -3 helmet of the Sailor (worn) {Dex+4}
   (You found it on level 4 of the Dungeon)

   It affects your dexterity (+4).
 e - a +0 plate armour (worn)
 q - a +1 pair of boots (worn)
Jewellery
 g - an amulet of the gourmand (around neck)
 m - a ring of ice (left claw)
Wands
 o - a wand of lightning (11/15)
 p - a wand of flame (20/48)
Scrolls
 b - 3 scrolls of magic mapping
Potions
 a - a potion of lignification
 h - 2 potions of flight {unknown}
 i - a potion of curing {unknown}
 k - 2 potions of haste {unknown}
 l - 2 potions of agility {unknown}
 n - a potion of might {unknown}
 r - 3 potions of heal wounds {unknown}
 w - 2 potions of degeneration {unknown}
Comestibles
 c - 7 chunks of flesh
 f - 2 meat rations
 s - a slice of pizza


   Skills:
 * Level 5.0 Fighting
 * Level 4.8 Axes
 - Level 1.7 Throwing
 * Level 4.6 Armour
 * Level 4.3 Dodging


You had 7 spell levels left.
You didn't know any spells.

Dungeon Overview and Level Annotations

Branches:
Dungeon (5/15)
 Temple: D:4-7

Altars:
Ashenzari

Shops:
D:4 (


Innate Abilities, Weirdness & Mutations

Your body is rotting away.
You thrive on raw meat.
You are immune to poison.
You have sharp fingernails.
You are carnivorous and can eat meat at any time.
Your flesh is cold resistant.
You are immune to negative energy.
You regenerate slowly when monsters are visible.
You are immune to unholy pain and torment.
You can survive without breathing.


Message History

* * * LOW HITPOINT WARNING * * *
The orc wizard hits you but does no damage.
The adder bites you but does no damage. The orc wizard hits you with a dagger.
* * * LOW HITPOINT WARNING * * *
You closely miss the adder.
The adder is severely wounded.
You hit the orc wizard.
The orc wizard is almost dead.
The adder closely misses you. The orc wizard barely misses you.
The orc wizard hits you but does no damage.
The adder bites you but does no damage.
You barely miss the adder.
The adder is severely wounded.
Your plate armour prevents you from hitting the orc wizard.
The orc wizard is almost dead.
The orc wizard hits you but does no damage.
The adder bites you but does no damage.
The orc wizard hits you but does no damage.
The adder bites you.
You die...

##### ...### #...# #.....#
## #...# #.....# ... #...#
#.....## .... #...#
#.......
.....###...#####.....#####
......)...................
......).S...)..###.....###
.....###o@.###.###).......
... #...# #....÷....### .
#...# ##...[....... #...#
#..^).....## #...#
##.......... #####
#.......<.. #..........
#.......... #........##


You could see an orc wizard and an adder.

Vanquished Creatures
  Grinder (D:3)
  Sigmund (D:3)
  An ogre (D:5)
  A howler monkey (D:5)
  A crimson imp (D:5)
  An orc priest (D:5)
  2 orc wizards (D:5)
  A giant frog skeleton (D:4)
  Jessica (D:2)
  Ijyb (D:3)
  An iguana (D:4)
  3 gnolls (D:4)
  8 adders
  2 worms
  4 dart slugs (D:1)
  A giant gecko (D:3)
  12 orcs
  7 giant cockroaches
  11 goblins
  6 hobgoblins
  6 jackals
  2 quokkas (D:4)
  A ball python (D:2)
  8 bats
  A giant gecko zombie (D:5)
  2 giant newts
  10 kobolds
  A quokka skeleton (D:4)
  5 rats
102 creatures vanquished.

Notes
Turn   | Place    | Note
--------------------------------------------------------------
     0 | D:1      | Lovchig the Ghoul Gladiator began the quest for the Orb.
     0 | D:1      | Reached XP level 1. HP: 17/17 MP: 0/0
    53 | D:1      | Reached XP level 2. HP: 22/22 MP: 1/1
   223 | D:1      | Reached XP level 3. HP: 27/30 MP: 2/2
   304 | D:1      | Found a shattered altar of Ashenzari.
   763 | D:2      | Noticed Jessica
   771 | D:2      | Killed Jessica
   771 | D:2      | Reached skill level 1 in Armour
   771 | D:2      | Reached XP level 4. HP: 33/37 MP: 3/3
  1331 | D:3      | Noticed Ijyb
  1341 | D:3      | Reached XP level 5. HP: 30/44 MP: 4/4
  1356 | D:3      | Killed Ijyb
  1356 | D:3      | Reached skill level 3 in Fighting
  1536 | D:3      | Noticed Sigmund
  1553 | D:3      | Killed Sigmund
  1553 | D:3      | Reached XP level 6. HP: 26/52 MP: 5/5
  1760 | D:3      | Reached skill level 4 in Fighting
  2229 | D:3      | Noticed Grinder
  2236 | D:3      | Paralysed by Grinder for 2 turns
  2254 | D:3      | Paralysed by Grinder for 6 turns
  2267 | D:3      | Paralysed by Grinder for 6 turns
  2587 | D:3      | Paralysed by Grinder for 6 turns
  2615 | D:3      | Paralysed by Grinder for 2 turns
  2621 | D:3      | Killed Grinder
  2621 | D:3      | Reached XP level 7. HP: 38/60 MP: 6/6
  2734 | D:4      | Found Cimmyquy's Antique Weapon Shoppe.
  2765 | D:4      | Bought a glowing war axe for 94 gold pieces
  3322 | D:4      | Got a brightly glowing helmet
  3333 | D:4      | Identified the -3 helmet of the Sailor {Dex+4} (You found it on level 4 of the Dungeon)
  3638 | D:5      | Entered Level 5 of the Dungeon
  3697 | D:5      | Reached skill level 5 in Fighting
  3697 | D:5      | Reached XP level 8. HP: 14/68 MP: 7/7
  3721 | D:5      | HP: 3/68 [adder (2)]
  3723 | D:5      | Slain by an adder

Skill      XL: |  1  2  3  4  5  6  7 |
---------------+----------------------+-----
Dodging        | 3 4 |  4.3
Axes           | 3 4 |  4.8
Armour         | 1 2 3 4 |  4.6
Fighting       | 3 4 5 |  5.0
Throwing       | |  1.7

Action                   |  1- 3 |  4- 6 |  7- 9 || total
-------------------------+-------+-------+-------++-------
Melee: War axe           |   115 |   252 |   121 ||   488
  Use: Scroll            |       |     5 |     5 ||    10
  Eat: Chunk             |     4 |     3 |     5 ||    12
Armor: Leather armour    |     8 |       |       ||     8
       Plate armour      |   108 |   216 |   101 ||   425
Dodge: Dodged            |    80 |   112 |    55 ||   247
